 Dungeon Crawl Stone Soup version 0.18.1-50-g88ac8fd (webtiles) character file.

28 Chaoticas the Cudgeler (level 3, -1/23 HPs)
             Began as a Gargoyle Berserker on Dec 7, 2016.
             Was a Follower of Trog.
             Slain by a worm (4 damage)
             ... on level 2 of the Dungeon.
             The game lasted 00:03:52 (1101 turns).

Chaoticas the Cudgeler (Gargoyle Berserker)         Turns: 1101, Time: 00:03:53

Health: -1/23      AC:  6    Str: 21    XL:     3   Next: 12%
Magic:  3/3        EV: 11    Int:  7    God:    Trog [*.....]
Gold:   55         SH:  0    Dex:  9    Spells: 0 memorised, 2 levels left

rFire  . . .     SeeInvis .     p - +2 spear (pierce)
rCold  . . .     Gourm    .     h - +0 leather armour
rNeg   + . .     Faith    .     (no shield)
rPois  ∞         Spirit   .     (no helmet)
rElec  +         Dismiss  .     (no cloak)
rCorr  .         Reflect  .     (no gloves)
SustAt .         Harm     .     (no boots)
MR     .....                    (no amulet)
Stlth  +.........               (no ring)
                                d - ring of wizardry

@: not resistant to hostile enchantments, very unstealthy
A: negative energy resistance 1, electricity resistance, unbreathing,
petrification resistance, rot immunity, AC +3
a: Berserk, Burn Spellbooks, Renounce Religion


You were on level 2 of the Dungeon.
You worshipped Trog.
Trog was aware of your devotion.
You were hungry.

You visited 1 branch of the dungeon, and saw 2 of its levels.

You collected 55 gold pieces.

Inventory:

Hand Weapons
 a - a +0 mace
 p - a +2 spear of piercing (weapon)
Missiles
 k - 7 tomahawks (quivered)
Armour
 b - a +0 animal skin
 h - a +0 leather armour (worn)
Jewellery
 d - a ring of wizardry (left hand)
Scrolls
 e - a scroll of identify
 g - a scroll of random uselessness {unknown}
 i - a scroll of fog {unknown}
 n - a scroll of teleportation {unknown}
Potions
 m - a potion of heal wounds {unknown}
 o - a potion of berserk rage {unknown}
Comestibles
 c - a bread ration
 f - a meat ration
 j - a beef jerky


   Skills:
 - Level 3.2 Fighting
 - Level 4.1 Maces & Flails
 * Level 0.3 Polearms
 - Level 2.1 Armour
 - Level 1.5 Dodging


You had 2 spell levels left.
You didn't know any spells.

Dungeon Overview and Level Annotations

Branches:
Dungeon (2/15)

Altars:
Trog


Innate Abilities, Weirdness & Mutations

You are resistant to torment.
Your stone body is resilient (AC +3).
You are immune to poison.
You resist negative energy.
You are resistant to electric shocks.
You can survive without breathing.
You are immune to petrification.
You are immune to rotting.


Message History

Found a bloodstained altar of Trog.
There is an open door here.
The worm closely misses you.
You barely miss the worm. You completely miss the worm. The worm bites you.
You barely miss the worm. The worm bites you.
You hit the worm.
The worm is lightly wounded.
You hit the worm.
The worm is heavily wounded.
The worm bites you!
You puncture the worm!
The worm is almost dead.
The worm bites you.
* * * LOW HITPOINT WARNING * * *
You barely miss the worm.
The worm is almost dead.
There is an open door here.
The worm bites you.
You die...

##################
..............#§§#####
..######..†....§##⌠#⌠##
#).......##....≈#§≈≈≈≈#
###########.#.#§#≈...≈##
#.#..≈#≈...≈⌠#
###.##..@w§_.≈# ..
#.....#≈#§§..≈⌠# #..
###.###.#§#§...≈## #.#
#...# #.§§#§≈≈§≈# #.#
#.#.###.#≈##⌠#⌠#####.# #
#.#.....#§≈######..#.# #
#.###.###### #.###.#.# #
#.###.# #.#.....#
#.....########.#.###.#


You could see a worm.

Vanquished Creatures
  2 dart slugs
  6 bats
  A giant cockroach (D:1)
  A goblin (D:2)
  3 hobgoblins
  4 kobolds
  3 giant newts
  2 rats
22 creatures vanquished.

Notes
Turn   | Place    | Note
--------------------------------------------------------------
     0 | D:1      | Chaoticas the Gargoyle Berserker began the quest for the Orb.
     0 | D:1      | Reached XP level 1. HP: 14/14 MP: 1/1
   378 | D:1      | Reached XP level 2. HP: 12/19 MP: 2/2
   725 | D:2      | Reached skill level 4 in Maces & Flails
   927 | D:2      | Reached XP level 3. HP: 17/23 MP: 3/3
  1089 | D:2      | Found a bloodstained altar of Trog.
  1101 | D:2      | Slain by a worm

Skill      XL: |  1  2 |
---------------+-------+-----
Maces & Flails | 4 |  4.1
Fighting       | |  3.2
Polearms       | |  0.3
Armour         | |  2.1
Dodging        | |  1.5

Action                   || total
-------------------------++-------
Melee: Mace              ||    66
       Spear             ||    23
  Use: Scroll            ||     1
Armor: Leather armour    ||    31
       Animal skin       ||     1
Dodge: Dodged            ||    60
